 Dungeon Crawl Stone Soup version 0.17.1-1-g73c8601 (webtiles) character file.

149 shmeve the Skirmisher (level 5, 0/55 HPs)
             Began as an Ogre Fighter on Apr 21, 2016.
             Slain by a ball python (1 damage)
             ... on level 3 of the Dungeon.
             The game lasted 00:04:40 (1678 turns).

shmeve the Skirmisher (Ogre Fighter)                Turns: 1678, Time: 00:04:40

Health: 0/55       AC:  4    Str: 27    XL:     5   Next: 31%
Magic:  5/5        EV:  8    Int:  7    God:
Gold:   74         SH:  9    Dex:  9    Spells: 0 memorised, 4 levels left

rFire  . . .     SeeInvis +     a - +0 flail
rCold  . . .     Clarity  .     b - +0 robe
rNeg   . . .     SustAt   .     c - +0 shield
rPois  .         Gourm    .     (helmet restricted)
rElec  .         Spirit   .     q - +0 cloak {MR+}
rCorr  .         Warding  .     (gloves unavailable)
rMut   .         Stasis   +     (boots unavailable)
MR     +....                    l - amulet of stasis (curse)
Stlth  +.........               (no ring)
                                k - ring of see invisible

@: mighty, lethally poisoned (0 -> -7), somewhat resistant to hostile
enchantments, very unstealthy
A: unfitting armour, tough skin 1
a: no special abilities


You were on level 3 of the Dungeon.
You were not hungry.

You visited 1 branch of the dungeon, and saw 3 of its levels.

You collected 74 gold pieces.

Inventory:

Hand Weapons
 a - a +0 flail (weapon)
Missiles
 g - 5 large rocks (quivered)
Armour
 b - a +0 robe (worn)
 c - a +0 shield (worn)
 q - a +0 cloak of magic resistance (worn)
Jewellery
 k - a ring of see invisible (left hand)
 l - a cursed amulet of stasis (around neck)
 s - an uncursed amulet of clarity {unknown}
Wands
 i - a wand of fireball (7)
Scrolls
 n - a scroll of identify {unknown}
 p - a scroll of fog {unknown}
Potions
 h - a potion of heal wounds {unknown}
 j - a potion of invisibility {unknown}
 m - a potion of lignification {unknown}
 t - a potion of degeneration {unknown}
Comestibles
 e - 2 bread rations
 f - a meat ration
 o - a beef jerky
 r - 2 chunks of flesh


   Skills:
 * Level 4.7 Fighting
 * Level 4.2 Maces & Flails
 + Level 1.0 Throwing
 * Level 3.2 Dodging
 + Level 1.1 Stealth
 * Level 3.4 Shields


You had 4 spell levels left.
You didn't know any spells.

Dungeon Overview and Level Annotations

Branches:
Dungeon (3/15)

Altars:


Innate Abilities, Weirdness & Mutations

You are too large for most types of armour.
You have tough skin (AC +1).


Message History

Unknown command.
You hit the adder.
The adder is moderately wounded.
You block the bat's attack. The ball python barely misses you.
The adder bites you.
* * * LOW HITPOINT WARNING * * *
You are more poisoned.
The adder poisons you! The ball python closely misses you.
You block the adder's attack. The rat bites you but does no damage.
You thump the adder!
You kill the adder!
* * * LOW HITPOINT WARNING * * *
You feel sick. The bat hits you.
* * * LOW HITPOINT WARNING * * *
The ball python bites you but does no damage.
The rat bites you but does no damage.
* * * LOW HITPOINT WARNING * * *
You feel sick. You block the ball python's attack. You block the rat's attack.
The ball python bites you.
You die...

...#######.##...#####
....##..............#
..(....###..........#
...#.#...#..........####
..... #................
...### ##.....##...###.
.....###.....(##..##
.###......#.#.#rb##[# .#
####.......#.@S.# .#
#.....#.##...#
.#####..#....)###.....
............... #..##..
####.###........ ###
####.## .....#.. .......
...... ....... .......


You could see a bat, a ball python and a rat.

Vanquished Creatures
  Crazy Yiuf (D:2)
  Terence (D:3)
  4 adders
  2 oozes
  A worm (D:3)
  An orc (D:3)
  3 ball pythons
  A giant cockroach (D:1)
  8 hobgoblins
  7 kobolds
  2 quokkas (D:2)
  5 bats
  A giant gecko (D:2)
  6 giant newts
  4 goblins
  6 rats
53 creatures vanquished.

Notes
Turn   | Place    | Note
--------------------------------------------------------------
     0 | D:1      | shmeve the Ogre Fighter began the quest for the Orb.
     0 | D:1      | Reached XP level 1. HP: 24/24 MP: 1/1
   216 | D:1      | Reached XP level 2. HP: 32/32 MP: 2/2
   638 | D:1      | Reached XP level 3. HP: 39/39 MP: 3/3
   996 | D:2      | Reached XP level 4. HP: 45/49 MP: 4/4
  1302 | D:2      | Noticed Crazy Yiuf
  1312 | D:2      | Killed Crazy Yiuf
  1606 | D:3      | Noticed Terence
  1614 | D:3      | Killed Terence
  1614 | D:3      | Reached skill level 1 in Stealth
  1614 | D:3      | Reached XP level 5. HP: 29/55 MP: 5/5
  1616 | D:3      | Reached skill level 1 in Throwing
  1677 | D:3      | HP: 2/55 [bat (1)]
  1678 | D:3      | Slain by a ball python

Action                   |  1- 3 |  4- 6 || total
-------------------------+-------+-------++-------
Melee: Flail             |   100 |    58 ||   158
  Use: Potion            |       |     1 ||     1
 Stab: Sleeping          |     1 |       ||     1
  Eat: Chunk             |       |     3 ||     3
